[Event "December 5 Early 2023"]
[Site "https://www.chess.com"]
[Date "2023.12.05"]
[Round "3"]
[White "Davidson, Kevin"]
[Black "Sahakyan, Aleks"]
[Result "0-1"]
[Board "93"]
[TimeControl "180+1"]
[WhiteFideId "2056810"]
[BlackFideId "13316338"]
[WhiteElo "2506"]
[BlackElo "2721"]
[WhiteTeam "USA"]
[BlackTeam "ARM"]
[WhiteClock "0:00:00"]
[BlackClock "0:00:09"]

1. e4 c6 2. d4 d5 3. e5 Bf5 4. h4 a6 5. g4 Bd7 6. h5 e6 7. f4 c5 8. c3 Nc6 9. Nf3 Rc8 10. Be3 Qb6 11. Rh2 Nh6 12. Bh3 cxd4 13. cxd4 Na5 14. Nc3 Bb4 15. Bd2 Nc4 16. Na4 Bxd2+ 17. Rxd2 Qb4 18. Nc5 Nxd2 19. Qxd2 Qxd2+ 20. Kxd2 Bc6 21. Rc1 a5 22. g5 Nf5 23. Bxf5 exf5 24. h6 g6 25. Rc3 b6 26. Nd3 Ke7 27. Ke3 Ba4 28. Kd2 Rxc3 29. bxc3 Rc8 30. Nfe1 Kd7 31. Nb2 Bb5 32. Nc2 Kc6 33. Na3 Ba6 34. Nc2 Bf1 35. Ne3 Ba6 36. Nc2 Rc7 37. Ne3 Rb7 38. Kc2 Be2 39. Kd2 Bf3 40. Kc2 Be4+ 41. Kb3 Rc7 42. a3 b5 43. Nbd1 Kb6 44. Nb2 Bf3 45. Nd3 Be4 46. Nc5 Rxc5 47. dxc5+ Kxc5 48. Kb2 d4 49. Nd1 Kc4 50. cxd4 Kxd4 51. Kb3 Bd5+ 0-1

[Event "December 5 Early 2023"]
[Site "https://www.chess.com"]
[Date "2023.12.05"]
[Round "3"]
[White "Kislinsky, Alexey"]
[Black "Urbina Perez, Juan Antonio"]
[Result "1/2-1/2"]
[Board "94"]
[TimeControl "180+1"]
[WhiteFideId "14108801"]
[BlackFideId "2217368"]
[WhiteElo "2717"]
[BlackElo "2506"]
[WhiteTeam "CZE"]
[BlackTeam "ESP"]
[WhiteClock "0:00:11"]
[BlackClock "0:00:30"]

1. e4 e5 2. Nf3 Nf6 3. Nxe5 d6 4. Nf3 Nxe4 5. Nc3 Nxc3 6. dxc3 Be7 7. Be3 Be6 8. Qd2 Nc6 9. O-O-O Qd7 10. Kb1 a6 11. h3 h6 12. g4 O-O-O 13. Bg2 Kb8 14. Nd4 Nxd4 15. Qxd4 c5 16. Qf4 Qc7 17. Qg3 Rhe8 18. Rhe1 Bf8 19. f4 f6 20. f5 Bf7 21. Bf4 Rxe1 22. Rxe1 Re8 23. Rxe8+ Bxe8 24. Bd5 Bc6 25. Qd3 Ka7 26. c4 Bxd5 27. Qxd5 Qe7 28. a3 Qe1+ 29. Ka2 Qe7 30. Qd3 Kb6 31. b4 Ka7 32. Kb3 Kb6 33. Qd5 Ka7 34. Qe6 Qxe6 35. fxe6 Kb6 36. Kc3 Kc6 37. bxc5 Kxc5 38. Be3+ Kc6 39. Kd4 b5 40. cxb5+ axb5 41. Ke4 d5+ 42. Kf5 Bxa3 43. Kg6 Kd6 44. Kf7 Ke5 45. Bc1 Bc5 46. Bb2+ Kf4 47. Kxg7 f5 48. gxf5 Kxf5 49. Kf7 Kf4 50. Bg7 Kg3 51. Bxh6 Kxh3 52. Be3 Bd6 53. e7 Bxe7 54. Kxe7 Kg4 55. Kd6 Kf3 56. Bc5 Ke4 57. Bb4 d4 58. Kc5 d3 59. cxd3+ Kxd3 60. Kxb5 1/2-1/2

[Event "December 5 Early 2023"]
[Site "https://www.chess.com"]
[Date "2023.12.05"]
[Round "3"]
[White "Timmermans, Mark"]
[Black "Leyva Proenza, Richard"]
[Result "0-1"]
[Board "95"]
[TimeControl "180+1"]
[WhiteFideId "1026399"]
[BlackFideId "3500985"]
[WhiteElo "2713"]
[BlackElo "2491"]
[WhiteTeam "NED"]
[BlackTeam "VEN"]
[WhiteClock "0:00:03"]
[BlackClock "0:00:04"]

1. b4 b6 2. Bb2 Bb7 3. e3 e6 4. c4 Nf6 5. b5 c6 6. Nf3 cxb5 7. cxb5 Be7 8. a4 O-O 9. Be2 d6 10. O-O Nbd7 11. d4 Ne4 12. Nfd2 Ndf6 13. Bf3 Nxd2 14. Nxd2 Bxf3 15. Qxf3 d5 16. Rfc1 a6 17. Qe2 axb5 18. axb5 Bb4 19. Nf3 Ne4 20. Ne5 Bd6 21. Nc6 Qd7 22. f3 Nf6 23. Qc2 Rfe8 24. Ra4 Rxa4 25. Qxa4 h5 26. Qa6 Qc7 27. Ne5 Qb8 28. Rc6 Bxe5 29. dxe5 Nd7 30. f4 g6 31. Bd4 Qd8 32. Bxb6 Qh4 33. g3 Qg4 34. Qa1 Rb8 35. Qd4 Ra8 36. Ba7 h4 37. Kf2 Qh3 38. gxh4 Qxh2+ 39. Ke1 Kg7 40. Rc1 Qxh4+ 41. Kd2 Qf2+ 42. Kd3 Qa2 43. b6 Qb3+ 44. Ke2 Nxb6 45. Bxb6 Ra2+ 46. Kf3 Qb5 47. Re1 Qb3 48. Bd8 Qc2 49. Bf6+ Kg8 50. Kg4 Qg2+ 51. Kh4 Qh2+ 52. Kg4 Rg2+ 53. Kf3 Qg3# 0-1

[Event "December 5 Early 2023"]
[Site "https://www.chess.com"]
[Date "2023.12.05"]
[Round "3"]
[White "Dobre, Claudiu-Cristian"]
[Black "Karthik Rajaa"]
[Result "0-1"]
[Board "96"]
[TimeControl "180+1"]
[WhiteFideId "1211854"]
[BlackFideId "25035215"]
[WhiteElo "2490"]
[BlackElo "2713"]
[WhiteTeam "ROU"]
[BlackTeam "IND"]
[WhiteClock "0:00:01"]
[BlackClock "0:00:46"]

1. d4 Nf6 2. Nf3 g6 3. c4 Bg7 4. Nc3 O-O 5. e4 d6 6. Be2 Nbd7 7. Qc2 e5 8. O-O Qe7 9. Rd1 c6 10. Rb1 Re8 11. d5 c5 12. a3 b6 13. b4 Rf8 14. Bg5 h6 15. Bh4 g5 16. Bg3 Nh5 17. Nd2 Nf4 18. Bg4 h5 19. Bf5 Ng6 20. f3 h4 21. Bf2 Nf6 22. Bxc8 Raxc8 23. bxc5 bxc5 24. Nf1 g4 25. fxg4 Nxg4 26. Ne3 Nxe3 27. Bxe3 h3 28. g3 Qd7 29. Rf1 Ne7 30. Qb2 f5 31. Qb7 Rc7 32. Qb5 Qc8 33. Bg5 f4 34. Bxe7 Rxe7 35. Qc6 Qg4 36. Qxd6 fxg3 37. Rxf8+ Bxf8 38. hxg3 Qxg3+ 39. Kf1 Rf7+ 0-1

[Event "December 5 Early 2023"]
[Site "https://www.chess.com"]
[Date "2023.12.05"]
[Round "3"]
[White "Pakleza, Zbigniew"]
[Black "Kovalevsky, Stanislav"]
[Result "1-0"]
[Board "97"]
[TimeControl "180+1"]
[WhiteFideId "1119290"]
[BlackFideId "13508598"]
[WhiteElo "2709"]
[BlackElo "2490"]
[WhiteTeam "POL"]
[BlackTeam "FID"]
[WhiteClock "0:00:04"]
[BlackClock "0:00:00"]

1. d4 d5 2. Nf3 Nf6 3. Bf4 c6 4. c3 Ne4 5. Nbd2 f5 6. e3 e6 7. Ne5 Qf6 8. h4 g6 9. g4 Nd7 10. g5 Qg7 11. h5 Rg8 12. Ndf3 Nxe5 13. Nxe5 Be7 14. hxg6 hxg6 15. Rg1 Qh8 16. Qf3 Qh4 17. Qg2 Qh8 18. O-O-O Bd7 19. f3 Nd6 20. Rh1 Qg7 21. Rh6 O-O-O 22. Nxg6 Qxg6 23. Rxg6 Rxg6 24. Qh2 Nf7 25. Qh7 Rdg8 26. Bd3 R6g7 27. Qh2 Nxg5 28. Qe2 Nh3 29. Be5 Rg2 30. Qe1 Nf2 31. Bf1 Nxd1 32. Bxg2 Rxg2 33. Qxd1 Bh4 34. Qh1 1-0

[Event "December 5 Early 2023"]
[Site "https://www.chess.com"]
[Date "2023.12.05"]
[Round "3"]
[White "Sadykov, Ramil"]
[Black "Kopczynski, Michal"]
[Result "0-1"]
[Board "98"]
[TimeControl "180+1"]
[WhiteFideId "24113590"]
[BlackFideId "1124200"]
[WhiteElo "2702"]
[BlackElo "2488"]
[WhiteTeam "FID"]
[BlackTeam "POL"]
[WhiteClock "0:00:00"]
[BlackClock "0:00:06"]

1. e4 b6 2. d4 Bb7 3. Bd3 e6 4. Nf3 Nf6 5. Qe2 d5 6. e5 Nfd7 7. c3 c5 8. h4 Nc6 9. a3 Qc7 10. Be3 O-O-O 11. h5 h6 12. Nbd2 f6 13. Bf4 fxe5 14. dxe5 Be7 15. O-O-O Rhf8 16. Bg3 Kb8 17. Kb1 c4 18. Bc2 b5 19. Nh4 Bc5 20. Ng6 Rf7 21. f4 a5 22. f5 Nf8 23. Rhf1 d4 24. Nxf8 d3 25. Nxe6 dxe2 26. Nxc7 exf1=Q 27. Rxf1 Rxd2 28. Nxb5 Rf8 29. f6 Rxg2 30. Bf4 gxf6 31. e6+ Kc8 32. Bxh6 Rh8 33. Rxf6 Ne7 34. Bf4 Nd5 35. Rf7 Nxf4 36. Rxf4 Rxh5 37. Rxc4 Rh1+ 38. Ka2 Bd5 39. Bb3 Bxc4 40. Bxc4 Rhh2 41. Kb3 Rxb2+ 42. Ka4 Rbc2 43. Kxa5 Rxc3 44. Nxc3 Bxa3 45. Ne4 Be7 46. Kb5 Rh4 47. Bd5 Kc7 48. Kc4 Rh1 49. Kd4 Rc1 50. Ke5 Re1 51. Kf5 Rd1 52. Ke5 Re1 53. Bc4 Bd6+ 54. Kf5 Be7 55. Nc3 Rc1 0-1

[Event "December 5 Early 2023"]
[Site "https://www.chess.com"]
[Date "2023.12.05"]
[Round "3"]
[White "Boyer, Mahel"]
[Black "Filali, Razzouki Marouane"]
[Result "1-0"]
[Board "99"]
[TimeControl "180+1"]
[WhiteFideId "45102422"]
[BlackFideId "9003720"]
[WhiteElo "2700"]
[BlackElo "2487"]
[WhiteTeam "FRA"]
[BlackTeam "MAR"]
[WhiteClock "0:00:03"]
[BlackClock "0:00:14"]

1. e4 c6 2. c4 d5 3. cxd5 cxd5 4. exd5 Qxd5 5. Nc3 Qd8 6. d4 Nf6 7. Nf3 e6 8. Bd3 Be7 9. O-O O-O 10. Qe2 Re8 11. Rd1 Nbd7 12. Ne5 Bf8 13. Qf3 Nxe5 14. dxe5 Nd7 15. Bf4 Qa5 16. Ne4 g6 17. Rac1 Bg7 18. Nd6 Rf8 19. b4 Qb6 20. Qg3 Nb8 21. b5 Bd7 22. h4 h6 23. h5 g5 24. Be3 Qd8 25. Qf3 Bxe5 26. Qe4 f5 27. Qxe5 Qe7 28. Nxb7 Be8 29. Nd6 Nd7 30. Qd4 Rd8 31. Nb7 Rb8 32. Qxa7 Rd8 33. Nxd8 Qxd8 34. Bc4 Bf7 35. Rxd7 Qe8 36. Bb3 f4 37. Rcc7 fxe3 38. Qxe3 Qa8 39. Qe5 Qa3 40. Rxf7 Qc1+ 41. Rxc1 Rxf7 42. Qxe6 Kf8 43. Qxf7# 1-0

[Event "December 5 Early 2023"]
[Site "https://www.chess.com"]
[Date "2023.12.05"]
[Round "3"]
[White "Novozhilov, Semen"]
[Black "Grochal, Joey"]
[Result "1-0"]
[Board "100"]
[TimeControl "180+1"]
[WhiteFideId "24289167"]
[BlackFideId "1019945"]
[WhiteElo "2696"]
[BlackElo "2487"]
[WhiteTeam "RUS"]
[BlackTeam "NED"]
[WhiteClock "0:02:21"]
[BlackClock "0:02:09"]

1. d4 Nf6 2. Nf3 g6 3. Nc3 Bg7 4. e4 d6 5. Be3 c6 6. Qd2 Nbd7 7. Bd3 Qc7 8. O-O-O b5 9. Bh6 Bxh6 10. Qxh6 Qa5 11. e5 b4 12. exf6 bxc3 13. Qg7 Rf8 14. Rhe1 cxb2+ 15. Kb1 e6 16. d5 cxd5 17. Ng5 Ba6 18. Rxe6+ Kd8 19. Rxd6 Kc7 20. Rxa6 1-0

[Event "December 5 Early 2023"]
[Site "https://www.chess.com"]
[Date "2023.12.05"]
[Round "3"]
[White "Mendoza, Rodrigo"]
[Black "Danielyan, Vahe"]
[Result "0-1"]
[Board "101"]
[TimeControl "180+1"]
[WhiteFideId "3301931"]
[BlackFideId "13304828"]
[WhiteElo "2487"]
[BlackElo "2676"]
[WhiteTeam "BOL"]
[BlackTeam "ARM"]
[WhiteClock "0:00:24"]
[BlackClock "0:02:12"]

1. d4 Nf6 2. Nf3 e6 3. c4 d5 4. Nc3 c6 5. e3 Be7 6. b3 Nbd7 7. Bb2 O-O 8. Bd3 b6 9. O-O Bb7 10. Qe2 Qc7 11. Rac1 dxc4 12. Bxc4 c5 13. e4 cxd4 14. Nxd4 Nc5 15. f3 Rfd8 16. Rfd1 Rac8 17. e5 Nh5 18. Ncb5 Qb8 19. b4 Na4 20. Nxe6 Rxd1+ 21. Rxd1 Nxb2 0-1

[Event "December 5 Early 2023"]
[Site "https://www.chess.com"]
[Date "2023.12.05"]
[Round "3"]
[White "Sreyas Payyappat"]
[Black "Tasev, Dejan"]
[Result "1-0"]
[Board "102"]
[TimeControl "180+1"]
[WhiteFideId "46674969"]
[BlackFideId "936618"]
[WhiteElo "2485"]
[BlackElo "2670"]
[WhiteTeam "IND"]
[BlackTeam "SRB"]
[WhiteClock "0:00:21"]
[BlackClock "0:00:03"]

1. e4 e5 2. Nf3 Nc6 3. Bc4 Nf6 4. d4 exd4 5. e5 d5 6. Bb5 Ne4 7. Nxd4 Bd7 8. Bxc6 bxc6 9. O-O Bc5 10. c3 Bb6 11. f3 Ng5 12. f4 Ne4 13. Nd2 Nxd2 14. Bxd2 c5 15. Nb3 Bc6 16. Be3 d4 17. cxd4 Qd5 18. Rf2 O-O-O 19. Qg4+ Bd7 20. Qf3 Qxf3 21. Rxf3 cxd4 22. Bxd4 Bc6 23. Rd3 Rd7 24. Rad1 Rhd8 25. Kf2 Ba4 26. Ke3 Bxb3 27. axb3 c5 28. Bc3 c4+ 29. Rd4 Rxd4 30. Bxd4 cxb3 31. Rc1+ Kb7 32. Bxb6 axb6 33. Rc3 Rd1 34. Rxb3 Rh1 35. h3 Rg1 36. Kf3 Re1 37. Rd3 Kc7 38. Rd2 Rb1 39. Kg4 Rf1 40. Kf5 Re1 41. g4 Re3 42. h4 Rf3 43. h5 Rf1 44. Rd4 Rf2 45. b4 Kc6 46. h6 gxh6 47. Kf6 Rg2 48. f5 h5 49. gxh5 Rh2 50. Kxf7 Rxh5 51. Ke6 Rh6+ 52. f6 Rh1 53. Ke7 Rf1 54. e6 1-0

[Event "December 5 Early 2023"]
[Site "https://www.chess.com"]
[Date "2023.12.05"]
[Round "3"]
[White "Souleidis, Georgios"]
[Black "Iljin, Timofey"]
[Result "1-0"]
[Board "103"]
[TimeControl "180+1"]
[WhiteFideId "4206827"]
[BlackFideId "14110180"]
[WhiteElo "2668"]
[BlackElo "2482"]
[WhiteTeam "GRE"]
[BlackTeam "UKR"]
[WhiteClock "0:00:08"]
[BlackClock "0:00:00"]

1. e4 c5 2. Be2 g6 3. d3 Bg7 4. f4 d6 5. Nf3 Nc6 6. O-O Nh6 7. c3 O-O 8. Kh1 f5 9. h3 Nf7 10. Be3 b6 11. Nbd2 Nh6 12. Rc1 Bb7 13. Ng5 Qc8 14. a3 Kh8 15. b4 e5 16. Qb3 exf4 17. Bxf4 Ne5 18. d4 c4 19. Bxc4 Nxc4 20. Nxc4 fxe4 21. Nxd6 Qd7 22. Nxb7 Qxb7 23. d5 Nf5 24. Ne6 Bh6 25. Bxh6 Ng3+ 26. Kg1 Rxf1+ 27. Rxf1 Nxf1 28. Kxf1 Qf7+ 29. Kg1 a5 30. Be3 a4 31. Bd4+ Kg8 32. Qc2 Qf5 33. c4 Re8 34. Qf2 Qxf2+ 35. Kxf2 b5 36. cxb5 Kf7 37. b6 Rb8 38. Ke3 Rb7 39. Kxe4 Ke7 40. Bc5+ Kd7 41. Ke5 Rb8 42. Bd4 Re8 43. b5 h5 44. Bc5 g5 45. g4 hxg4 46. hxg4 Rh8 47. Nxg5 Rh4 48. Ne4 Rh1 49. Nf6+ Kc8 50. Kd6 Rh6 51. g5 Rg6 52. Be3 Kb7 53. Kc5 Rg7 54. d6 Rf7 55. Kd5 Rf8 56. Ke6 Rh8 57. g6 Rd8 58. g7 1-0

[Event "December 5 Early 2023"]
[Site "https://www.chess.com"]
[Date "2023.12.05"]
[Round "3"]
[White "Kokoszczynski, Jan"]
[Black "1mbl4"]
[Result "0-1"]
[Board "104"]
[TimeControl "180+1"]
[WhiteFideId "1174460"]
[WhiteElo "2662"]
[BlackElo "2481"]
[WhiteTeam "POL"]
[WhiteClock "0:00:02"]
[BlackClock "0:00:06"]

1. e4 c5 2. Nf3 Nc6 3. d4 cxd4 4. Nxd4 g6 5. c4 Bg7 6. Be3 Qb6 7. Nb3 Qd8 8. Qd2 Nf6 9. Nc3 O-O 10. Be2 d6 11. h3 Be6 12. O-O Rc8 13. Rac1 Ne5 14. c5 Nc4 15. Bxc4 Bxc4 16. Rfd1 Re8 17. cxd6 exd6 18. f3 d5 19. Nxd5 Nxd5 20. exd5 Qd6 21. Bf2 b6 22. Rc2 Qd7 23. d6 Re2 24. Qxe2 Bxe2 25. Rxe2 Bf6 26. Red2 Kg7 27. Nd4 h5 28. Ne2 Be5 29. Nc3 Rc6 30. Nb5 a6 31. Nc3 Kh7 32. Ne4 f5 33. Ng5+ Kh6 34. h4 Kg7 35. Kh1 b5 36. Bd4 Bxd4 37. Rxd4 Kf6 38. R4d2 b4 39. Nh3 a5 40. Nf4 Rc4 41. Ne2 Rxh4+ 42. Kg1 Qa7+ 43. Nd4 Qd7 44. g3 Qxd6 45. gxh4 Qg3+ 46. Kf1 Qxh4 47. b3 Qh1+ 48. Ke2 Qg2+ 49. Kd3 Qg3 50. Re2 h4 51. Re6+ Kg7 52. Rc1 h3 53. Rc7+ Kh6 54. Ree7 Kg5 55. Rh7 Qg2 56. Ne6+ Kf6 57. Nf4 Qf1+ 58. Ke3 Qe1+ 59. Ne2 Qf1 60. Rc6+ Ke5 61. Re7+ Kd5 62. Rcc7 h2 63. Nf4+ Kd6 64. Red7+ Ke5 65. Rd5+ Kf6 66. Rc6+ Kg7 67. Rxg6+ Kh7 68. Rd7+ Kh8 69. Rh6+ Kg8 70. Rxh2 Qc1+ 71. Rhd2 Qc3+ 72. Nd3 f4+ 73. Kxf4 Qf6+ 74. Kg3 Qg5+ 75. Kh3 Qf5+ 76. Kg2 Qxd7 77. Kf2 Qg7 78. Nf4 Qc3 79. Re2 Kf7 80. Ng2 Qc5+ 81. Ne3 Qd4 82. Kg2 Qh4 83. Ng4 Qg5 84. Kf2 Qf4 85. Re4 Qd6 86. Re2 Qd4+ 87. Kg2 Qc3 88. Ne5+ Kg7 89. Ng4 Qc1 90. Kf2 Qd1 91. Re3 a4 92. Re2 axb3 93. axb3 Qxb3 94. Ne5 Qc3 95. Kg3 b3 96. Ng4 b2 97. Re7+ Kf8 98. Rb7 Qc1 99. Nf2 b1=Q 100. Rxb1 Qxb1 101. Ne4 Qb8+ 102. f4 Ke7 103. Kg4 Qc8+ 104. Kg5 Qc4 105. Ng3 Qg8+ 106. Kh4 Kf6 107. Kh3 Qh7+ 108. Kg2 Qd3 109. Kf2 Kg6 110. Kg2 Qe3 111. f5+ Kf6 112. Kh3 Kg5 113. Kg2 Kg4 114. Nh1 Qf3+ 115. Kg1 Qxf5 116. Nf2+ Kf3 117. Nh3 Qg4+ 118. Kh2 Qg2# 0-1

[Event "December 5 Early 2023"]
[Site "https://www.chess.com"]
[Date "2023.12.05"]
[Round "3"]
[White "Kuderinov, Kirill"]
[Black "Kazakov, Mikhail"]
[Result "1-0"]
[Board "105"]
[TimeControl "180+1"]
[WhiteFideId "13701568"]
[BlackFideId "14102749"]
[WhiteElo "2660"]
[BlackElo "2477"]
[WhiteTeam "KAZ"]
[BlackTeam "UKR"]
[WhiteClock "0:00:11"]
[BlackClock "0:00:00"]

1. e4 e5 2. Nf3 Nc6 3. Bb5 a6 4. Ba4 b5 5. Bb3 Na5 6. Nxe5 Nxb3 7. axb3 Qg5 8. Ng4 d5 9. h3 dxe4 10. d3 Qe7 11. O-O h5 12. Ne3 Bb7 13. Nc3 O-O-O 14. Re1 Nf6 15. Nf5 Qd7 16. Ng3 exd3 17. Bg5 b4 18. Nce4 h4 19. Bxf6 gxf6 20. Nxf6 Qc6 21. Nge4 Be7 22. Qg4+ Kb8 23. cxd3 Bxf6 24. Rec1 Qb6 25. Qf4 Bd4 26. Rc4 f5 27. Ng5 Rhg8 28. Rac1 Ka7 29. Rxc7 Bxf2+ 30. Kf1 Be3 31. Rxb7+ Kxb7 32. Qf3+ Ka7 33. Rc6 Qb7 34. Ne6 Ka8 35. Nc7+ Kb8 36. Nxa6+ Ka8 37. Nc7+ Kb8 38. Na6+ Ka8 39. Nc7+ Ka7 40. Qxe3+ Kb8 41. Rb6 Kc8 42. Rxb7 Kxb7 43. Nb5 f4 44. Qc5 Rc8 45. Nd6+ 1-0

[Event "December 5 Early 2023"]
[Site "https://www.chess.com"]
[Date "2023.12.05"]
[Round "3"]
[White "Tan, Jonathan"]
[Black "Goltsev, Dmitry"]
[Result "1-0"]
[Board "106"]
[TimeControl "180+1"]
[WhiteFideId "5200482"]
[BlackFideId "24176710"]
[WhiteElo "2476"]
[BlackElo "2659"]
[WhiteTeam "PHI"]
[BlackTeam "RUS"]
[WhiteClock "0:00:13"]
[BlackClock "0:00:12"]

1. d4 e6 2. Nc3 d5 3. Bf4 a6 4. e3 Nf6 5. g4 h6 6. Bg2 c5 7. h4 Nc6 8. g5 hxg5 9. hxg5 Rxh1 10. Bxh1 Nd7 11. Qd2 cxd4 12. exd4 Qb6 13. O-O-O Bb4 14. a3 Be7 15. Bxd5 Qa5 16. Bb3 Nb6 17. d5 exd5 18. Nxd5 Qxd2+ 19. Rxd2 Nxd5 20. Bxd5 Bf5 21. Nf3 Rc8 22. Bxc6+ bxc6 23. Bd6 Bd8 24. Nd4 Bg4 25. f4 c5 26. Nb3 c4 27. Nc5 Bb6 28. Rd5 Rc6 29. Re5+ Kd8 30. Be7+ Kc8 31. Na4 Bc7 32. Re4 Bf3 33. Rd4 Re6 34. Bb4 Be2 35. Nc5 Rc6 36. Kd2 Bf1 37. Ke1 Bh3 38. Rxc4 Bb6 39. b3 a5 40. Na4 Rxc4 41. Nxb6+ Kb7 42. Nxc4 axb4 43. axb4 Bf5 44. Nd6+ 1-0

[Event "December 5 Early 2023"]
[Site "https://www.chess.com"]
[Date "2023.12.05"]
[Round "3"]
[White "Shishkov, Andrei"]
[Black "Spata, German"]
[Result "1-0"]
[Board "107"]
[TimeControl "180+1"]
[WhiteFideId "4500563"]
[BlackFideId "113026"]
[WhiteElo "2475"]
[BlackElo "2653"]
[WhiteTeam "EST"]
[BlackTeam "ARG"]
[WhiteClock "0:00:18"]
[BlackClock "0:00:16"]

1. d4 Nf6 2. c4 g6 3. f3 Bg7 4. e4 d6 5. Be3 O-O 6. Nc3 b6 7. Qd2 c5 8. Nge2 cxd4 9. Nxd4 Bb7 10. Be2 Nc6 11. O-O a6 12. Rac1 Rc8 13. Rfd1 Nxd4 14. Bxd4 Nd7 15. Bxg7 Kxg7 16. Qd4+ Kg8 17. f4 Nc5 18. Bf3 Qc7 19. h3 e5 20. Qxd6 exf4 21. Qxc7 Rxc7 22. Rd6 Bc6 23. e5 Bxf3 24. gxf3 Re7 25. Re1 Rfe8 26. Nd5 Rxe5 27. Nf6+ Kg7 28. Nxe8+ 1-0

[Event "December 5 Early 2023"]
[Site "https://www.chess.com"]
[Date "2023.12.05"]
[Round "3"]
[White "Belov, Alexei"]
[Black "Mazurkiewicz, Michal"]
[Result "0-1"]
[Board "108"]
[TimeControl "180+1"]
[WhiteFideId "4128206"]
[BlackFideId "1124943"]
[WhiteElo "2652"]
[BlackElo "2475"]
[WhiteTeam "RUS"]
[BlackTeam "POL"]
[WhiteClock "0:00:04"]
[BlackClock "0:00:13"]

1. e4 d6 2. d4 Nf6 3. Nc3 c6 4. f4 Qb6 5. Nf3 Bg4 6. Be2 e6 7. e5 Nd5 8. Nxd5 cxd5 9. c3 Nc6 10. exd6 Bxf3 11. d7+ Kxd7 12. Bxf3 g6 13. O-O Bd6 14. a4 a5 15. Be2 h5 16. Bb5 Ke7 17. Qe2 Kf8 18. Qf3 Ne7 19. Be3 Nf5 20. Bf2 Qc7 21. g3 g5 22. Bd3 g4 23. Qe2 h4 24. Bxf5 exf5 25. Qd3 Qd7 26. gxh4 Re8 27. Bg3 Re4 28. Rae1 Be7 29. Rxe4 dxe4 30. Qb5 Qe6 31. d5 Qh6 32. Qxb7 Bxh4 33. Qb8+ Kg7 34. Qe5+ Kg6 35. Qd6+ f6 36. Kf2 Bxg3+ 37. hxg3 Qh2+ 38. Ke3 Qxg3+ 39. Kd4 Qd3+ 40. Kc5 Rc8+ 41. Kb6 Qxf1 42. Qd7 Qc4 43. b3 Qc5+ 44. Kb7 Rf8 45. Qc6 Rf7+ 46. Ka6 Ra7# 0-1

[Event "December 5 Early 2023"]
[Site "https://www.chess.com"]
[Date "2023.12.05"]
[Round "3"]
[White "Tabuenca Mendataurigoitia, Daniel"]
[Black "Banzea, Alexandru-Bogdan"]
[Result "0-1"]
[Board "109"]
[TimeControl "180+1"]
[WhiteFideId "24563617"]
[BlackFideId "1232622"]
[WhiteElo "2474"]
[BlackElo "2650"]
[WhiteTeam "ESP"]
[BlackTeam "ROU"]
[WhiteClock "0:00:14"]
[BlackClock "0:00:14"]

1. Nf3 Nf6 2. g3 g6 3. Bg2 Bg7 4. O-O O-O 5. d3 d6 6. e4 c5 7. c3 Nc6 8. h3 e5 9. Nbd2 h6 10. a4 Be6 11. Nc4 Nxe4 12. Ncxe5 dxe5 13. dxe4 Qxd1 14. Rxd1 Na5 15. Be3 Nb3 16. Rab1 Rfd8 17. Nd2 b6 18. Nxb3 Bxb3 19. Rxd8+ Rxd8 20. a5 Bf8 21. axb6 axb6 22. Ra1 Rd1+ 23. Rxd1 Bxd1 24. Kf1 h5 25. Ke1 Bb3 26. Bf1 Be7 27. h4 Kf8 28. Bb5 Bf6 29. Bc6 Ke7 30. Bd5 Bxd5 31. exd5 c4 32. Bxb6 Kd6 33. Ke2 Kxd5 34. f3 Be7 35. Ke3 f5 36. Bc7 Bc5+ 37. Ke2 Be7 38. Bb8 g5 39. hxg5 Bxg5 40. f4 exf4 41. gxf4 Bf6 42. Kf3 Kc5 43. Kg3 Kb5 44. Bd6 Ka4 45. Be5 Be7 46. Kf3 Kb3 47. Ke3 Kxb2 48. Kd4 Kb3 49. Kd5 h4 50. Ke6 h3 0-1

[Event "December 5 Early 2023"]
[Site "https://www.chess.com"]
[Date "2023.12.05"]
[Round "3"]
[White "Manukyan, Sargis V."]
[Black "Ovetchkin, Roman"]
[Result "1/2-1/2"]
[Board "110"]
[TimeControl "180+1"]
[WhiteFideId "13303465"]
[BlackFideId "4119991"]
[WhiteElo "2472"]
[BlackElo "2649"]
[WhiteTeam "ARM"]
[BlackTeam "RUS"]
[WhiteClock "0:00:09"]
[BlackClock "0:00:03"]

1. c4 Nf6 2. Nc3 g6 3. e4 d6 4. d4 Bg7 5. Be2 O-O 6. Nf3 e5 7. O-O Nc6 8. d5 Ne7 9. Ne1 Nd7 10. Nd3 f5 11. Bd2 Nf6 12. f3 f4 13. c5 g5 14. cxd6 cxd6 15. Nf2 h5 16. h3 Rf7 17. Qc2 Ng6 18. Rfc1 a6 19. a4 Bh6 20. a5 g4 21. hxg4 hxg4 22. fxg4 Qf8 23. Na4 f3 24. Bxf3 Bxd2 25. Qxd2 Nh7 26. Nb6 Rb8 27. Nxc8 Rxc8 28. Rxc8 Qxc8 29. Rc1 Rc7 30. Rxc7 Qxc7 31. Qc3 Qf7 32. Qc8+ Kg7 33. Nh3 Nf4 34. Nxf4 exf4 35. Qf5 Qf6 36. e5 dxe5 37. Qd7+ Kh6 38. d6 e4 39. Bxe4 Qd4+ 40. Kh2 Qxe4 41. Qd8 Qd3 42. Qh4+ Kg7 43. Qe7+ Kg6 44. d7 Qg3+ 45. Kg1 f3 46. Qe4+ Kg7 47. Qxf3 Qe1+ 48. Kh2 Qh4+ 49. Qh3 Qd8 50. Qc3+ Kg6 51. Qd3+ Kg7 52. Qd4+ Kf7 53. Qd5+ Ke7 54. Qe4+ Kxd7 55. Qxh7+ Kc6 56. Qe4+ Kb5 57. Qxb7+ Kxa5 58. Qe4 Qh4+ 59. Kg1 Kb5 60. b3 Qg3 61. Qc4+ Kb6 62. Qd4+ Kb5 63. Qc4+ Kb6 64. Qe6+ Kb5 65. Qd5+ Kb6 66. Kf1 Qe3 67. Qd6+ Kb5 68. Qd5+ Kb6 69. g5 Qc1+ 70. Kf2 Qf4+ 71. Ke2 Qg4+ 72. Kd3 Qg3+ 73. Ke4 Qg4+ 74. Ke5 Qxg5+ 75. Kd6 Qd8+ 76. Ke5 Qg5+ 77. Kd4 Qd2+ 78. Kc4 Qe2+ 79. Kb4 Qe1+ 80. Ka3 Qa1+ 81. Kb4 Qe1+ 82. Kc4 Qe2+ 83. Kd4 Qd2+ 84. Ke5 Qg5+ 1/2-1/2

[Event "December 5 Early 2023"]
[Site "https://www.chess.com"]
[Date "2023.12.05"]
[Round "3"]
[White "Kuzhylnyi, Oleksandr"]
[Black "Reprintsev, Alexander"]
[Result "1/2-1/2"]
[Board "111"]
[TimeControl "180+1"]
[WhiteFideId "34110500"]
[BlackFideId "14100541"]
[WhiteElo "2649"]
[BlackElo "2467"]
[WhiteTeam "UKR"]
[BlackTeam "UKR"]
[WhiteClock "0:00:09"]
[BlackClock "0:00:18"]

1. c3 b6 2. e4 Bb7 3. Qc2 c5 4. Nf3 Nf6 5. d3 d5 6. Nbd2 Nc6 7. g3 e5 8. Bg2 Be7 9. O-O O-O 10. Re1 Re8 11. exd5 Nxd5 12. Nxe5 Bf6 13. Nef3 Rxe1+ 14. Nxe1 Qd7 15. Ne4 Be7 16. Nf3 Rd8 17. Bg5 f6 18. Bd2 f5 19. Neg5 h6 20. Nh3 g5 21. Ne1 Ne5 22. f4 gxf4 23. Nxf4 Nxf4 24. Bxf4 Bxg2 25. Qxg2 Nxd3 26. Rd1 c4 27. Nxd3 cxd3 28. Bxh6 Bc5+ 29. Kh1 Qe6 30. Bf4 Qxa2 31. b4 Qxg2+ 32. Kxg2 Be7 33. b5 Kf7 34. Kf3 Ke6 35. Be3 Bf6 36. c4 Bc3 37. h4 d2 38. Ke2 Rc8 39. Kd3 Be5 40. Bxd2 Bxg3 41. h5 f4 42. h6 Rh8 43. Rh1 Kf5 44. Bc3 Rh7 45. Bg7 f3 46. Ke3 f2 47. Kf3 Be5 48. Kxf2 Bxg7 49. hxg7 Rxg7 50. Rh4 Re7 51. Kf3 Re1 52. Rd4 Ke6 53. Re4+ Rxe4 54. Kxe4 Kd6 55. Kd4 Ke6 56. c5 bxc5+ 57. Kxc5 Kd7 58. Kb4 Kc7 59. Ka5 Kb7 60. Kb4 a6 61. bxa6+ Kxa6 1/2-1/2